 Dungeon Crawl Stone Soup version 0.31-a0-1336-g7fd7ca34b5 (webtiles) character file.

Game seed: 12797069867225068536

1143 senseless the Trooper (level 8, -8/88 HPs)
             Began as an Oni Berserker on Dec 21, 2023.
             Was a Follower of Jiyva.
             Mangled by a polar bear (28 damage)
             ... created by the rage of Trog
             ... on level 6 of the Dungeon.
             The game lasted 00:12:04 (6117 turns).

senseless the Trooper (Oni Berserker)               Turns: 6117, Time: 00:12:05

Health: -8/88      AC:  3    Str: 24    XL:     8   Next: 37%
Magic:  17/17      EV: 10    Int:  8    God:    Jiyva [*.....]
Gold:   316        SH:  0    Dex:  8    Spells: 7/7 levels left

rFire   . . .        k - +1 dire flail (vamp)
rCold   . . .        (shield currently unavailable)
rNeg    . . .        b - +0 animal skin
rPois   .            (helmet restricted)
rElec   .            (no cloak)
rCorr   .            (gloves unavailable)
SInv    .            (boots unavailable)
Will    .....        (no amulet)
Stlth   +            c - ring of magical power
HPRegen 1.14/turn    (no ring)
MPRegen 0.55/turn

%: no passive effects
@: hasted, very quick
A: drunken brawling, large, unfitting armour, horns 1, tough skin 1, double
potion healing
a: Renounce Religion


You were on level 6 of the Dungeon.
You worshipped Jiyva.
Jiyva was aware of your devotion.
You visited 1 branch of the dungeon, and saw 6 of its levels.
You also visited: Sewer.

You collected 316 gold pieces.

Inventory:

Hand Weapons
 a - a +0 mace
 k - a +1 vampiric dire flail (weapon)
 r - a +0 giant club
 w - a +2 mace of protection
Missiles
 f - 10 poisoned darts
 g - 6 silver javelins
 p - 6 javelins
Armour
 b - a +0 animal skin (worn)
Jewellery
 c - a ring of magical power (left hand)
Wands
 j - a wand of polymorph (8)
 o - a wand of flame (14) (quivered)
Scrolls
 s - a scroll of immolation
 t - 3 scrolls of revelation
Potions
 d - a potion of attraction {unknown}
 e - 2 potions of might {unknown}
 i - a potion of ambrosia
 l - a potion of lignification
 m - 4 potions of haste
 n - 2 potions of heal wounds {unknown}
 q - a potion of curing
 u - 2 potions of invisibility {unknown}
 v - a potion of brilliance {unknown}


   Skills:
 * Level 7.9 Fighting
 * Level 5.9 Maces & Flails
 + Level 3.4 Throwing
 * Level 5.3 Dodging


You had 7 spell levels left.
You didn't know any spells.
Your spell library contained the following spells:

 Spells                   Type           Power      Damage    Failure   Level
 Ensorcelled Hibernation  Hex/Ice        0%         N/A       54%         2
 Jinxbite                 Hex            0%         N/A       54%         2
 Mercury Vapours          Alch/Air       0%         N/A       54%         2
 Passwall                 Alch/Erth      0%         N/A       54%         2
 Mephitic Cloud           Conj/Alch/Air  0%         N/A       78%         3
 Swiftness                Air            0%         N/A       78%         3
 Freezing Cloud           Conj/Ice/Air   0%         6-21      100%        5
 Yara's Violent Unravell  Hex/Alch       0%         3d3       100%        5
 Enfeeble                 Hex            0%         N/A       100%        7


Dungeon Overview and Level Annotations

Branches:
Dungeon (6/15)             Temple (0/1) D:6           Sewer (visited)

Altars:
Dithmenos
Okawaru
Xom

Annotations:
D:5 2 transporters


Innate Abilities, Weirdness & Mutations

Whenever you drink a potion that restores your health or magic, you attack all enemies around you.
You are too large for most types of armour.
You have a pair of small horns on your head.
You have tough skin. (AC +1)
Whenever you drink a potion that restores your health or magic, it restores twice as much.


Message History

The black bear claws you.
The black bear attacks as it pursues you!
The black bear completely misses you.
The black bear claws you but does no damage.
The black bear closely misses you. The polar bear bites you!!
The polar bear claws you but does no damage.
The polar bear misses you.
The polar bear attacks as it pursues you!
The polar bear bites you. The polar bear claws you. x2
The polar bear barely misses you. The polar bear claws you.
The polar bear barely misses you.
The black bear rages.
The polar bear rages.
The black bear attacks as it pursues you!
The black bear barely misses you. The black bear closely misses you.
The black bear claws you.
The polar bear attacks as it pursues you!
The polar bear barely misses you.
The polar bear claws you but does no damage.
The polar bear claws you.
The polar bear rages.
The black bear attacks as it pursues you!
The black bear bites you. The black bear barely misses you.
The black bear claws you.
The polar bear rages.
The polar bear rages.
The polar bear attacks as it pursues you!
The polar bear closely misses you.
The polar bear claws you but does no damage.
The polar bear claws you.
The black bear rages.
The black bear attacks as it pursues you!
The black bear bites you!
* * * LOW HITPOINT WARNING * * *
The black bear claws you but does no damage.
The black bear closely misses you.
The polar bear attacks as it pursues you!
The polar bear bites you!!
You die...

#..############.####
#..#... >.....P....#
#hh#... .....##.##..
#.h#..######.#...#.#
#hh#..#........>....
#h.#.... ...P#...#.#
#h.#..# .....##.##.#
#.h#..#..... .P.P#.#
#..@....... .....#.#
#................#.#
#............... #.#
#............... #.#
#......##.########.#
#..#.... .........#
#..#..... ........#
###..###############'#
............J........


You could see 5 polar bears and 3 black bears.

Vanquished Creatures
  Prince Ribbit (D:5)
  Menkaure (D:6)
  An ogre (D:5)
  A howler monkey (D:4)
  5 jellies (Sewer)
  3 hounds
  2 sleepcaps (D:5)
  A gnoll bouda (D:6)
  An iguana (D:4)
  An orc wizard (D:3)
  Natasha (thrice) (D:2)
  8 gnolls
  3 adders
  A river rat (Sewer)
  A white imp (D:4)
  A bombardier beetle (D:5)
  An ufetubus (D:6)
  4 worms
  A dart slug (D:4)
  9 orcs
  9 ball pythons
  20 endoplasms
  4 giant cockroaches
  7 goblins
  9 hobgoblins
  4 jackals (D:1)
  5 kobolds
  5 quokkas
  6 bats
  4 frilled lizards
  4 rats
  A spectral kobold (D:1)
127 creatures vanquished.

Vanquished Creatures (others)
  2 jellies (D:6)
  A hound (D:6)
  An ufetubus (D:6)
  An orc (D:6)
5 creatures vanquished.

Grand Total: 132 creatures vanquished

Notes
Turn   | Place    | Note
-------+----------+-------------------------------------------
     0 | D:1      | senseless the Oni Berserker began the quest for the Orb.
     0 | D:1      | Reached XP level 1. HP: 24/24 MP: 1/1
   211 | D:1      | Gained mutation: Whenever you drink a potion that restores
                  | your health or magic, it restores twice as much. [Oni
                  | growth]
   211 | D:1      | Gained mutation: You have a pair of small horns on your
                  | head. [Oni growth]
   211 | D:1      | Gained mutation: You have tough skin. (AC +1) [Oni growth]
   211 | D:1      | Reached XP level 2. HP: 32/32 MP: 2/2
   727 | D:1      | Found a faded altar of an unknown god.
  1146 | D:2      | Reached XP level 3. HP: 22/40 MP: 3/3
  1149 | D:2      | Reached skill level 1 in Throwing
  1166 | D:2      | Reached XP level 4. HP: 21/49 MP: 4/4
  1756 | D:2      | Reached ** piety under Trog
  1757 | D:2      | Reached skill level 5 in Fighting
  1896 | D:2      | Found a shadowy altar of Dithmenos.
  1919 | D:2      | Noticed Natasha
  1925 | D:2      | Killed Natasha
  1926 | D:2      | Reached XP level 5. HP: 29/57 MP: 5/5
  2329 | D:2      | Found a shadowy altar of Dithmenos.
  2456 | D:2      | Noticed Natasha
  2464 | D:2      | Killed Natasha
  2697 | D:2      | Noticed Natasha
  2705 | D:2      | Killed Natasha
  3335 | D:3      | Reached XP level 6. HP: 63/67 MP: 6/6
  3760 | D:4      | Reached skill level 6 in Fighting
  4030 | D:4      | Found a shimmering altar of Xom.
  4030 | D:4      | Found an iron altar of Okawaru.
  4278 | D:5      | Entered Level 5 of the Dungeon
  4365 | D:5      | Found a transporter.
  4383 | D:5      | Noticed Prince Ribbit
  4392 | D:5      | Killed Prince Ribbit
  4393 | D:5      | Reached skill level 5 in Maces & Flails
  4393 | D:5      | Reached XP level 7. HP: 59/76 MP: 7/7
  4502 | D:5      | Found a transporter.
  4603 | D:5      | Reached skill level 7 in Fighting
  4723 | D:5      | Found a glowing drain.
  4738 | Sewer    | Entered a sewer
  4750 | Sewer    | Reached *** piety under Trog
  4890 | Sewer    | Found a viscous altar of Jiyva.
  4950 | Sewer    | Reached XP level 8. HP: 87/87 MP: 8/8
  4957 | Sewer    | Reached skill level 5 in Dodging
  5020 | Sewer    | Fell from the grace of Trog
  5020 | Sewer    | Became a worshipper of Jiyva Jarugi the Shapeless
  5691 | D:6      | Noticed Menkaure
  5698 | D:6      | Killed Menkaure
  5893 | D:6      | Found a staircase to the Ecumenical Temple.
  5893 | D:6      | Reached * piety under Jiyva
  5979 | D:6      | Noticed a polar bear
  5979 | D:6      | Noticed a polar bear
  5979 | D:6      | Noticed a polar bear
  6108 | D:6      | Noticed a polar bear
  6108 | D:6      | Noticed a polar bear
  6108 | D:6      | Noticed a polar bear
  6108 | D:6      | Noticed a polar bear
  6108 | D:6      | Noticed a polar bear
  6117 | D:6      | Mangled by a polar bear

Illustrated notes

Levels and vault maps discovered:
D:1:      dpeg_arrival_three_bigger_balls, layout_loops_corners,
          dreamdust_ecumenical_altar_drowned_temple,
          wander_ebering_terrifying_dragon_lair
D:2:      layout_basic, basic_altar, uniq_natasha
D:3:      layout_basic, minmay_diced_spiral
D:4:      layout_rooms, mainiacjoe_overflow_large_starburst,
          minmay_misc_feat_cross
D:5:      gammafunk_steamed_eel, layout_loops_ring, gup_sewer_entry_pipe,
          minmay_misc_feat_five, uniq_prince_ribbit1
D:6:      layout_basic, minmay_temple_entry_gardened_gates,
          chequers_serial_rivers_large_b, serial_bayou_pond_e, uniq_menkaure

Skill      XL: |  1  2  3  4  5  6  7  8 |
---------------+-------------------------+-----
Dodging        | 3 4 5 |  5.3
Throwing       | 1 2 3 |  3.4
Fighting       | 5 6 7 |  7.9
Maces & Flails | 4 5 |  5.9

Action                     |  1- 3 |  4- 6 |  7- 9 || total
---------------------------+-------+-------+-------++-------
  Melee: Mace              |    44 |       |       ||    44
         Dire flail        |    13 |   170 |   107 ||   290
         Headbutt          |     4 |    24 |    29 ||    57
 Invoke: Berserk           |     2 |     3 |       ||     5
  Evoke: Wand              |       |       |     3 ||     3
    Use: Scroll            |       |     9 |     4 ||    13
         Potion            |       |       |     3 ||     3
   Stab: Distracted        |     1 |       |       ||     1
 Armour: Animal skin       |    42 |   115 |   108 ||   265
  Dodge: Dodged            |    31 |    85 |    76 ||   192

Table legend: (Time is in decaauts)
 A = Elapsed time spent in this place.
 B = Non-inter-level travel time spent in this place.
 C = Inter-level travel time spent in this place.
 D = Time resting spent in this place.
 E = Time spent auto-exploring this place.
 F = Levels seen in this place.
 G = Mean time per level.
                   A        B        C        D        E       F      G
               +--------+--------+--------+--------+--------+-----+--------+
         Total |   6180 |   6037 |    143 |    243 |   4826 |   7 |  882.9 |
       Dungeon |   5883 |   5740 |    143 |    243 |   4679 |   6 |  980.5 |
         Sewer |    297 |    297 |      0 |      0 |    147 |   1 |  297.0 |
               +--------+--------+--------+--------+--------+-----+--------+

Top non-repeatable levels by time:
     D:2: 1755 daAuts
     D:5: 1039 daAuts
     D:1: 1038 daAuts
     D:3: 969 daAuts
     D:4: 569 daAuts
     D:6: 510 daAuts
   Sewer: 297 daAuts
